 Dungeon Crawl Stone Soup version 0.29-a0-23-ga79f92ac9c (webtiles) character file.

Game seed: 16085979897920349069

100 bande the Skirmisher (level 4, 0/29 HPs)
             Began as a Gargoyle Fighter on Jan 30, 2022.
             Killed from afar by an orc wizard (7 damage)
             ... with a magic dart
             ... on level 3 of the Dungeon.
             The game lasted 00:04:32 (2449 turns).

bande the Skirmisher (Gargoyle Fighter)             Turns: 2449, Time: 00:04:33

Health: 0/29       AC: 17    Str: 20    XL:     4   Next: 74%
Magic:  4/4        EV:  7    Int:  8    God:
Gold:   136        SH:  4    Dex: 11    Spells: 3/3 levels left

rFire   . . .      SeeInvis .   a - +1 war axe
rCold   . . .      Faith    .   c - +0 buckler
rNeg    + . .      Spirit   .   m - +2 chain mail {Will+}
rPois   ∞          Reflect  .   (no helmet)
rElec   +          Harm     .   (no cloak)
rCorr   .          Rampage  .   (no gloves)
Will    +....                   h - +1 pair of boots
Stlth   ..........              (no amulet)
HPRegen 0.09/turn               (no ring)
MPRegen 0.09/turn               (no ring)

@: no status effects
A: sickness immunity, AC +3, negative energy resistance 1, electricity
resistance, torment resistance 1, petrification resistance
a: no special abilities


You were on level 3 of the Dungeon.
You visited 1 branch of the dungeon, and saw 3 of its levels.

You collected 136 gold pieces.

Inventory:

Hand Weapons
 a - a +1 war axe (weapon)
Missiles
 l - a throwing net (quivered)
Armour
 c - a +0 buckler (worn)
 h - a +1 pair of boots (worn)
 m - a +2 chain mail of willpower (worn)
Jewellery
 i - a ring of magical power
Wands
 g - a wand of flame (11)
 j - a wand of acid (8)
Potions
 b - a potion of curing
 d - a potion of might
 e - a potion of mutation {unknown}
 f - 2 potions of haste


   Skills:
 + Level 4.1 Fighting
 + Level 3.2 Axes
 + Level 3.8 Armour
 + Level 3.6 Shields


You had 3 spell levels left.
You didn't know any spells.
Your spell library contained the following spells:

 Spells                   Type           Power      Damage    Failure   Level
 Animate Skeleton         Necr           0%         N/A       99%         1
 Apportation              Tloc           0%         N/A       99%         1
 Summon Small Mammal      Summ           0%         N/A       99%         1
 Blink                    Tloc           0%         N/A       100%        2
 Lesser Beckoning         Tloc           0%         N/A       100%        3
 Manifold Assault         Tloc           0%         N/A       100%        5


Dungeon Overview and Level Annotations

Branches:
Dungeon (3/15)

Altars:

Shops:
D:2 [:[=


Innate Abilities, Weirdness & Mutations

You are immune to sickness and miasma.
Your stone body is resilient. (AC +3)
You are immune to poison.
You resist negative energy. (rN+)
You are resistant to electric shocks. (rElec)
You are resistant to unholy torment.
You are immune to petrification.


Message History

The worm is severely wounded.
You completely miss the orc. You barely miss something. You hit the orc wizard.
The orc wizard hits you but does no damage.
Something hits you but does no damage. The orc hits you but does no damage.
The worm barely misses you.
The orc wizard hits you but does no damage.
You hear some strange, mumbled words.
A puff of flame appears from out of thin air!
The puff of flame hits you. The orc hits you but does no damage.
You hit something. You closely miss the orc wizard. You hit the worm.
You barely miss the orc.
The orc wizard hits you but does no damage.
The worm bites you. Something hits you but does no damage.
The orc hits you but does no damage.
Unknown command.
You miss something. You slash the orc wizard! You barely miss the worm.
You slash the orc!
You kill the orc!
The orc wizard hits you but does no damage.
Something hits you but does no damage. The worm completely misses you.
The orc wizard casts a spell at you. The puff of flame hits you!
You slash something! You barely miss the orc wizard. You slash the worm!
You kill the worm!
Something hits you. You block the orc wizard's attack.
Something hits you but does no damage.
You barely miss something. You closely miss the orc wizard.
The orc wizard barely misses you. Something hits you but does no damage.
Unknown command.
You closely miss something. You slash the orc wizard!
The orc wizard hits you but does no damage.
Something hits you.
The orc wizard gestures at you while chanting.
The magic dart hits you.
Unknown command.
You barely miss something. You barely miss the orc wizard. Something hits you.
* * * LOW HITPOINT WARNING * * *
The orc wizard gestures at you while chanting.
The magic dart hits you!
You die...

.....8 ##..... ..#
#..8.< #.# ###....
#.### ####..... #...
.......# #..# #.o†.#
# #..# #{@###..###
#..# #).†...##..
###..# ##.###.##.#
#....### #.# #.##.#
#.##...# #.# #.##.#
#.####.# #.# #.##.#
#.# #.# #.# #.##.###
#.#
#.########.###......#
#.#
#.................#.#


You could see an orc wizard.

Vanquished Creatures
  A gnoll (D:1)
  An adder (D:2)
  2 worms (D:3)
  2 dart slugs
  2 orcs (D:3)
  2 bats
  9 endoplasms
  A giant cockroach (D:2)
  9 goblins
  8 hobgoblins
  7 jackals
  3 kobolds
  A quokka (D:1)
  4 ball pythons
  4 frilled lizards
  10 rats
66 creatures vanquished.

Notes
Turn   | Place    | Note
-------+----------+-------------------------------------------
     0 | D:1      | bande the Gargoyle Fighter began the quest for the Orb.
     0 | D:1      | Reached XP level 1. HP: 14/14 MP: 1/1
   172 | D:1      | Reached XP level 2. HP: 16/19 MP: 2/2
   581 | D:1      | Found a faded altar of an unknown god.
   694 | D:1      | Reached XP level 3. HP: 24/24 MP: 3/3
  1427 | D:2      | Found Dafogife's Antique Armour Emporium.
  1474 | D:2      | Found Ewkun's Jewellery Emporium.
  1510 | D:2      | Reached XP level 4. HP: 26/29 MP: 4/4
  1526 | D:2      | Reached skill level 4 in Fighting
  1731 | D:2      | Found Rihuet's Antique Armour Emporium.
  1852 | D:2      | Found Fusan's Book Boutique.
  2449 | D:3      | Killed from afar by an orc wizard

Illustrated notes

Levels and vault maps discovered:
D:1:      dpeg_arrival_ratfight, layout_basic, ebering_ecumenical_altar_box,
          serial_forest, infiniplex_forest_lined_ring,
          infiniplex_forest_lined_2, infiniplex_forest_end_2,
          infiniplex_forest_lined_3, infiniplex_forest_zigzag_2,
          infiniplex_forest_straight_2
D:2:      cheibrodos_greedy_goblins, layout_loops_ring, serial_shops, shop,
          nicolae_shop_statue_plus, shop, nicolae_shop_crystal
D:3:      layout_loops_ring, portal_sewer_entry_c, grunt_ministairs_1,
          chequers_serial_rivers_small_a

Skill      XL: |  1  2  3  4 |
---------------+-------------+-----
Axes           | 2 3 |  3.2
Fighting       | 4 |  4.1
Armour         | |  3.8
Shields        | |  3.6

Action                   |  1- 3 |  4- 6 || total
-------------------------+-------+-------++-------
Melee: War axe           |    89 |    58 ||   147
  Use: Scroll            |     6 |     3 ||     9
Armor: Scale mail        |    27 |       ||    27
       Chain mail        |    25 |    52 ||    77
Dodge: Dodged            |    34 |    23 ||    57
Block: Buckler           |    14 |    10 ||    24

Table legend: (Time is in decaauts)
 A = Elapsed time spent in this place.
 B = Non-inter-level travel time spent in this place.
 C = Inter-level travel time spent in this place.
 D = Time resting spent in this place.
 E = Time spent auto-exploring this place.
 F = Levels seen in this place.
 G = Mean time per level.
                   A        B        C        D        E       F      G
               +--------+--------+--------+--------+--------+-----+--------+
         Total |   2508 |   2414 |     94 |    159 |   1790 |   3 |  836.0 |
       Dungeon |   2508 |   2414 |     94 |    159 |   1790 |   3 |  836.0 |
               +--------+--------+--------+--------+--------+-----+--------+

Top non-repeatable levels by time:
     D:1: 1308 daAuts
     D:2: 974 daAuts
     D:3: 226 daAuts
